 Dungeon Crawl Stone Soup version 0.24-a0-584-g9d6b971ae4 (webtiles) character file.

Game seed: 9198859157096990401, levelgen mode: deterministic

44 Froggeryz the Chopper (level 3, 0/30 HPs)
             Began as a Minotaur Gladiator on Sept 6, 2019.
             Succumbed to an adder's poison
             ... on level 2 of the Dungeon.
             The game lasted 00:00:43 (753 turns).

Froggeryz the Chopper (Minotaur Gladiator)           Turns: 753, Time: 00:00:43

Health: 0/30       AC:  3    Str: 18    XL:     3   Next: 39%
Magic:  2/2        EV: 13    Int:  5    God:
Gold:   102        SH:  0    Dex: 12    Spells: 2/2 levels left

rFire    . . .     SeeInvis .   a - +0 war axe
rCold    . . .     Gourm    .   (no shield)
rNeg     . . .     Faith    .   b - +0 leather armour
rPois    .         Spirit   .   c - +0 hat
rElec    .         Reflect  .   (no cloak)
rCorr    .         Harm     .   (no gloves)
MR       .....                  (no boots)
Stlth    +.........             (no amulet)
HPRegen  0.10/turn              (no ring)
MPRegen  0.08/turn              (no ring)

@: lethally poisoned (0 -> -8), berserk cooldown, hasted and slowed
A: retaliatory headbutt, horns 2
a: no special abilities


You were on level 2 of the Dungeon.
You were not hungry.

You visited 1 branch of the dungeon, and saw 2 of its levels.

You collected 102 gold pieces.

Inventory:

Hand Weapons
 a - a +0 war axe (weapon)
Missiles
 d - 4 throwing nets (quivered)
Armour
 b - a +0 leather armour (worn)
 c - a +0 hat (worn)
Scrolls
 h - a scroll of remove curse {unknown}
 i - 2 scrolls of identify {unknown}
Comestibles
 f - 4 rations


   Skills:
 - Level 2.4 Fighting
 * Level 5.4 Axes
 - Level 2.0 Throwing
 - Level 3.2 Dodging


You had 2 spell levels left.
You didn't know any spells.
Your spell library was empty.

Dungeon Overview and Level Annotations

Branches:
Dungeon (2/15)

Altars:


Innate Abilities, Weirdness & Mutations

You reflexively headbutt those who attack you in melee.
You have a pair of horns on your head.


Message History

You feel sick.
You feel a strong urge to attack something.
* * * LOW HITPOINT WARNING * * *
You feel sick.
You feel your anger nearly subside.
A kobold comes into view. It is wielding a +0 short sword.
You are no longer berserk.
You are exhausted.
You feel yourself slow down.
* * * LOW HITPOINT WARNING * * *
You feel sick.
The kobold shouts!
* * * LOW HITPOINT WARNING * * *
You feel sick.
The kobold throws a stone.
The stone hits you but does no damage.
You see here a stone.
The kobold throws a stone.
The stone hits you but does no damage.
There is a stone staircase leading up here.
You see here a stone.
You die...

#### #.. ### ... #..
#.# #.# #.# #.#
##.###### #.#
#..(@...##
#)#########...........
#<##....)....#####K###
#......††....# #
####.#####....... #.#
#........ #.#
#........ #.#
#..####.. #.# #..# ..


You could see a kobold.

Vanquished Creatures
  An adder (D:2)
  3 dart slugs (D:1)
  A leopard gecko (D:1)
  3 bats (D:1)
  A goblin (D:1)
  4 hobgoblins
  7 jackals
  A kobold (D:1)
  A frilled lizard (D:2)
  3 rats (D:1)
25 creatures vanquished.

Notes
Turn   | Place    | Note
-------+----------+-------------------------------------------
     0 | D:1      | Froggeryz the Minotaur Gladiator began the quest for the
                  | Orb.
     0 | D:1      | Reached XP level 1. HP: 18/18 MP: 0/0
     5 | D:1      | Noticed an octopode
     8 | D:1      | Noticed a naga
    13 | D:1      | Noticed a spriggan
    15 | D:1      | Noticed a naga
    15 | D:1      | Noticed a vine stalker
    19 | D:1      | Noticed a draconian
   148 | D:1      | Reached skill level 4 in Axes
   152 | D:1      | Reached XP level 2. HP: 15/25 MP: 1/1
   577 | D:1      | Reached skill level 5 in Axes
   721 | D:2      | Reached XP level 3. HP: 28/30 MP: 2/2
   751 | D:2      | HP: 1/30 [poisoned by an adder]
   753 | D:2      | Succumbed to an adder's poison

Levels and vault maps discovered:
D:1:      shiori_arrival_whats_in_store_for_you, layout_loops_ring,
          serial_glass, glass_columns_a, glass_columns_c
D:2:      minmay_general_purpose_star, layout_loops_ring

Skill      XL: |  1  2 |
---------------+-------+-----
Axes           | 4 5 |  5.4
Fighting       | |  2.4
Throwing       | |  2.0
Dodging        | |  3.2

Action                   || total
-------------------------++-------
Melee: War axe           ||    46
       Headbutt          ||     5
  Use: Potion            ||     2
Armor: Leather armour    ||    15
Dodge: Dodged            ||    38

Table legend:
 A = Non-vault XP
 B = Vault XP
 C = Vault XP percentage of total XP
 D = Non-vault monster count
 E = Vault monster count
 F = Vault count percentage of total count
                 A         B        C        D         E       F
            +---------+---------+-------+---------+---------+-------
      Total |      63 |       0 |   0.0 |      25 |       0 |   0.0
            +---------+---------+-------+---------+---------+-------
        D:1 |      39 |       0 |   0.0 |      18 |       0 |   0.0
        D:2 |      24 |       0 |   0.0 |       7 |       0 |   0.0
            +---------+---------+-------+---------+---------+-------
